Map: Odyssey LE

Players

Rail - Winner!

  • Race: Protoss Protoss
  • Spawn Location: 5:00

AiLillekanin (Lillekanin)

  • Race: Terran Terran
  • League: Master
  • Spawn Location: 11:00

Event: WESG Barcelona European Finals 2017

VOD

Have the link to the VOD?

Description

Time

  • Played on: Nov. 23, 2017, 1:46 p.m.
  • Length: 5:05

All games in this series

Show
View Real Time Build Order
Export as new Build Order

Rail Protoss - Winner!

Build Orders: 1 Gate Expand 

Get SALT Encoding   

  12  0:00  Probe (Chrono Boost)  
  13  0:12  Probe (Chrono Boost)  
  14  0:15  Probe  
  14  0:20  Pylon  
  15  0:38  Probe, Gateway  
  16  0:46  Assimilator  
  16  0:50  Probe  
  17  1:03  Probe (Chrono Boost)  
  18  1:15  Probe (Chrono Boost)  
  19  1:20  Nexus  
  19  1:30  Cybernetics Core  
  19  1:37  Probe  
  20  1:40  Assimilator  
  20  1:47  Gateway  
  20  1:52  Pylon  
  20  1:53  Probe  
  22  2:10  Stalker (Chrono Boost)  
  22  2:12  Shield Battery  
  22  2:13  Pylon  
  22  2:14  Shield Battery  
  23  2:16  Probe  
  23  2:30  Stalker  
  23  2:35  Probe  
  25  2:47  Probe  
  26  2:53  Stalker (Chrono Boost)  
  28  2:59  Probe  
  29  3:14  Probe  
  29  3:15  Stalker (Chrono Boost)  
  32  3:22  Stalker (Chrono Boost)  
  32  3:31  Probe  
  33  3:35  Stalker  
  33  3:40  Pylon  
  35  3:43  Probe  
  36  3:49  Stalker  
  38  3:59  Probe  
  39  4:11  Probe  
  39  4:13  Robotics Facility  
  40  4:17  Stalker  
  42  4:26  Stalker  
  42  4:31  Probe  
  45  4:39  Gateway  
Show
View Real Time Build Order
Export as new Build Order

AiLillekanin Terran 

Build Orders:  

Get SALT Encoding   

  12  0:10  Supply Depot  
  12  0:18  Refinery  
  12  0:45  Barracks  
  12  0:52  SCV  
  13  1:09  Barracks  
  13  1:27  Barracks  
  13  1:33  Reaper  
  14  1:57  Reaper  
  15  2:05  Reaper  
  16  2:14  Reaper  
  17  2:16  Bunker  
  17  2:37  Reaper x2  
  16  2:55  Reaper  
  16  2:57  Orbital Command  
  16  3:12  Reaper  
  17  3:22  SCV  
  17  3:33  Reaper  
  18  3:34  SCV  
  18  3:36  Refinery  
  19  3:44  Supply Depot  
  19  3:46  SCV  
  20  3:49  Reaper  
  21  4:07  Reaper  
  19  4:10  SCV  
  20  4:20  Reaper  
  20  4:22  SCV  
  22  4:29  Reaper  
  21  4:34  SCV  
  21  4:46  SCV  
Tags
 
Add a new tag
Caveats
  • Supply blocks, unpowered buildings, or Contaminate may cause inaccurate times.
  • Supply counts are checked every 10 seconds.